 Dungeon Crawl Stone Soup version 0.28-a0-1555-g9ae15a6949 (webtiles) character file.

Game seed: 18086058718122308553

2557 HallandMoats the Fighter (level 9, 0/82 HPs)
             Began as a Minotaur Fighter on Jan 18, 2022.
             Was a Follower of Okawaru.
             Killed from afar by an electric eel (13 damage)
             ... with a bolt of electricity
             ... on level 7 of the Dungeon.
             The game lasted 00:08:00 (6914 turns).

HallandMoats the Fighter (Minotaur Fighter)         Turns: 6914, Time: 00:08:01

Health: 0/82       AC:  8    Str: 23    XL:     9   Next: 31%
Magic:  12/12      EV: 12    Int:  5    God:    Okawaru [*.....]
Gold:   244        SH:  6    Dex: 12    Spells: 8/8 levels left

rFire   . . .      SeeInvis +   a - +2 hand axe (elec)
rCold   . . .      Faith    .   c - +1 buckler
rNeg    . . .      Spirit   .   d - +0 acid dragon scales
rPois   .          Reflect  .   (helmet restricted)
rElec   .          Harm     .   (no cloak)
rCorr   +          Rampage  .   g - +0 pair of gloves
Will    .....                   (no boots)
Stlth   +.........              (no amulet)
HPRegen 0.23/turn               B - ring of see invisible
MPRegen 0.13/turn               (no ring)

@: studying Slings
A: horns 2, retaliatory headbutt
a: Renounce Religion, Heroism


You were on level 7 of the Dungeon.
You worshipped Okawaru.
Okawaru was aware of your devotion.
You visited 2 branches of the dungeon, and saw 8 of its levels.

You collected 244 gold pieces.

Inventory:

Hand Weapons
 a - a +2 hand axe of electrocution (weapon)
Missiles
 u - a throwing net (quivered)
Armour
 c - a +1 buckler (worn)
 d - +0 acid dragon scales (worn)
 g - a +0 pair of gloves (worn)
Jewellery
 z - an amulet of magic regeneration
 B - a ring of see invisible (left hand)
Wands
 w - a wand of flame (15)
 y - a wand of paralysis (10)
Scrolls
 b - a scroll of fear {unknown}
 f - 3 scrolls of teleportation
 j - a scroll of vulnerability
 k - 3 scrolls of enchant armour
 m - a scroll of blinking
 n - 2 scrolls of identify
 q - a scroll of brand weapon
 r - 2 scrolls of silence {unknown}
 t - 2 scrolls of enchant weapon {unknown}
 v - a scroll of magic mapping
 A - a scroll of amnesia {unknown}
 C - a scroll of holy word {unknown}
Potions
 e - a potion of magic {unknown}
 h - a potion of attraction {unknown}
 i - a potion of haste {unknown}
 l - a potion of resistance {unknown}
 o - 2 potions of flight {unknown}
 p - a potion of curing {unknown}
 s - a potion of degeneration {unknown}
 x - a potion of mutation {unknown}


   Skills:
 * Level 8.4 Fighting
 * Level 7.9 Axes
 + Level 6.2 Armour
 + Level 4.5 Dodging
 - Level 4.7 Shields
 * Level 5.9 Invocations


You had 8 spell levels left.
You didn't know any spells.
Your spell library contained the following spells:

 Spells                   Type           Power      Damage    Failure   Level
 Slow                     Hex            0%         N/A       65%         1
 Blink                    Tloc           0%         N/A       78%         2
 Sublimation of Blood     Necr           0%         N/A       78%         2
 Wereblood                Tmut           0%         N/A       78%         2
 Confusing Touch          Hex            0%         N/A       95%         3
 Stone Arrow              Conj/Erth      0%         3d7       95%         3
 Vampiric Draining        Necr           0%         2d6       95%         3
 Borgnjor's Vile Clutch   Necr/Erth      0%         N/A       100%        5
 Manifold Assault         Tloc           0%         N/A       100%        5
 Storm Form               Tmut/Air       0%         N/A       100%        7
 Lehudib's Crystal Spear  Conj/Erth      0%         10d2      100%        8
 Animate Armour           Summ/Erth      Unusable   N/A       N/A         4
 Animate Dead             Necr           Unusable   N/A       N/A         4
 Death Channel            Necr           Unusable   N/A       N/A         6
 Summon Hydra             Summ           Unusable   N/A       N/A         7

Dungeon Overview and Level Annotations

Branches:
Dungeon (7/15)             Temple (1/1) D:6

Altars:
Ashenzari
Cheibriados
Dithmenos
Elyvilon
Fedhas
Gozag
Hepliaklqana
Kikubaaqudgha
Makhleb
Okawaru
Qazlal
Ru
Sif Muna
Trog
Uskayaw
Vehumet
Wu Jian
Xom
Yredelemnul
Zin
The Shining One

Annotations:
D:5 3 runed translucent doors, gimp's ghost, novice DjWn
D:6 2 transporters, BlueFish's ghost, novice MiFi


Innate Abilities, Weirdness & Mutations

You have a pair of horns on your head.
You reflexively headbutt those who attack you in melee.


Message History

a +0 club; a +0 halberd; a gnoll corpse
Things that are here:
a +0 halberd; a gnoll corpse
Found a stone staircase leading up.
The electric eel shoots out a bolt of lightning at you!
The bolt of electricity hits you!
The electric eel shoots out a bolt of lightning at you!
The bolt of electricity hits you!
There is a stone staircase leading up here.
You start resting.
You are no longer glowing.
You start resting.
HP restored.
The electric eel shoots out a bolt of lightning at you!
The bolt of electricity hits you!
The electric eel shoots out a bolt of lightning at you!
The bolt of electricity hits you!
The electric eel shoots out a bolt of lightning at you!
The bolt of electricity hits you.
The electric eel shoots out a bolt of lightning at you!
The bolt of electricity hits you.
You enter the shallow water.
Moving in this stuff is going to be slow.
The electric eel shoots out a bolt of lightning at you!
The bolt of electricity hits you.
You enter the shallow water.
Moving in this stuff is going to be slow.
The electric eel shoots out a bolt of lightning at you!
The bolt of electricity hits you!
You barely miss the electric eel. Your headbutt misses the electric eel.
The electric eel shoots out a bolt of lightning at you!
The bolt of electricity hits you!
* * * LOW HITPOINT WARNING * * *
You closely miss the electric eel. Your headbutt misses the electric eel.
The electric eel shoots out a bolt of lightning at you!
The bolt of electricity hits you!
* * * LOW HITPOINT WARNING * * *
The electric eel shoots out a bolt of lightning at you!
The bolt of electricity hits you!
You die...

≈≈≈≈.≈≈≈≈...##.###.......
≈≈≈≈.≈≈≈≈..##### #.......
.....≈≈≈≈..## #.......
≈≈≈.........# ##.##...
≈≈≈.≈≈≈≈≈..########.## ..
≈≈≈.≈≈≈≈≈........#...#...
≈≈≈.≈≈≈S≈....##..........
≈≈≈.≈≈≈≈≈.#............##
........@.#....##)..#....
####....<......#))..#....
##.##........)...##... ##
#............# ...
###..........# #..
#..........# ..
##..........#
#.............
#<..##........#


You could see an electric eel.

Vanquished Creatures
  A troll (D:6)
  A yak (D:6)
  An acid dragon (D:5)
  2 orc warriors
  4 ice beasts
  2 black bears
  A centaur (D:4)
  An ogre (D:5)
  A phantom (D:5)
  A bullfrog (D:7)
  3 scorpions
  A wyvern skeleton (D:6)
  4 wights (D:6)
  A bullfrog zombie (D:5)
  A centaur zombie (D:6)
  A crimson imp (D:6)
  2 hounds
  A gnoll shaman (D:7)
  An orc priest (D:6)
  6 iguanas
  2 orc wizards
  A howler monkey zombie (D:6)
  8 gnolls
  6 adders
  A howler monkey skeleton (D:6)
  4 worms
  2 dart slugs
  6 orcs
  5 bats
  8 endoplasms
  4 giant cockroaches
  3 goblins
  10 hobgoblins
  4 jackals (D:4)
  9 kobolds
  5 quokkas
  11 ball pythons
  4 frilled lizards
  A quokka skeleton (D:4)
  9 rats
139 creatures vanquished.

Vanquished Creatures (others)
  13 plants (D:2)
13 creatures vanquished.

Grand Total: 152 creatures vanquished

Notes
Turn   | Place    | Note
-------+----------+-------------------------------------------
     0 | D:1      | HallandMoats the Minotaur Fighter began the quest for the
                  | Orb.
     0 | D:1      | Reached XP level 1. HP: 19/19 MP: 0/0
   144 | D:1      | Reached XP level 2. HP: 27/27 MP: 1/1
   203 | D:1      | Found a faded altar of an unknown god.
   219 | D:1      | Reached skill level 4 in Fighting
   257 | D:1      | You fall into a shaft and drop 1 floor!
   465 | D:2      | Reached XP level 3. HP: 33/33 MP: 2/2
   686 | D:2      | Reached skill level 1 in Dodging
  1046 | D:2      | Found a bloodstained altar of Trog.
  1551 | D:3      | Reached skill level 1 in Invocations
  1637 | D:3      | Reached XP level 4. HP: 41/41 MP: 3/3
  2129 | D:3      | Found a basalt altar of Yredelemnul.
  2129 | D:3      | Found a hazy altar of Hepliaklqana.
  2344 | D:4      | Found a glowing golden altar of the Shining One.
  2382 | D:4      | Noticed a scorpion
  2398 | D:4      | Killed a scorpion
  2399 | D:4      | Reached XP level 5. HP: 16/47 MP: 5/5
  2742 | D:4      | Reached skill level 5 in Fighting
  2851 | D:4      | Noticed a centaur
  2855 | D:4      | Killed a centaur
  2856 | D:4      | Reached XP level 6. HP: 27/56 MP: 6/6
  3622 | D:4      | Reached XP level 7. HP: 50/61 MP: 8/8
  3993 | D:5      | Entered Level 5 of the Dungeon
  3993 | D:5      | Found a runed translucent gate.
  3993 | D:5      | Found a runed translucent gate.
  3993 | D:5      | Found a runed translucent gate.
  4028 | D:5      | Reached skill level 5 in Axes
  4091 | D:5      | Reached skill level 6 in Fighting
  4283 | D:5      | Found a blossoming altar of Fedhas.
  4369 | D:5      | Reached skill level 5 in Armour
  4408 | D:5      | Found a shimmering blue altar of Sif Muna.
  4441 | D:5      | Reached XP level 8. HP: 68/71 MP: 8/10
  4476 | D:5      | Found an opulent altar of Gozag.
  4499 | D:5      | Found a shimmering altar of Xom.
  4749 | D:5      | Noticed gimp's ghost (novice DjWn)
  4796 | D:6      | Reached skill level 7 in Fighting
  5168 | D:6      | Found a staircase to the Ecumenical Temple.
  5183 | Temple   | Entered the Ecumenical Temple
  5404 | Temple   | Became a worshipper of Warmaster Okawaru
  5477 | D:6      | Reached skill level 5 in Invocations
  5856 | D:6      | Reached XP level 9. HP: 81/81 MP: 10/12
  5858 | D:6      | Reached * piety under Okawaru
  5868 | D:6      | Reached skill level 8 in Fighting
  6125 | D:6      | Found a burning altar of Makhleb.
  6147 | D:6      | Found a transporter.
  6147 | D:6      | Noticed BlueFish's ghost (novice MiFi)
  6235 | D:6      | Noticed a troll
  6244 | D:6      | Killed a troll
  6616 | D:6      | Found a transporter.
  6914 | D:7      | Killed from afar by an electric eel

Illustrated notes

Levels and vault maps discovered:
D:1:      dpeg_arrival_fog, layout_basic,
          hellmonk_ecumenical_altar_leap_of_faith, minmay_liquid_box
D:2:      kennysheep_big_flooded_room, layout_loops_ring, basic_altar,
          serial_bayou_ford_a
D:3:      layout_basic, gammafunk_temple_overflow_wave,
          nicolae_concentric_dashed_squares_wild
D:4:      layout_basic, mainiacjoe_overflow_brackets,
          cheibrodos_sewer_entry_bend, kennysheep_nondescript,
          minmay_starry_boxes
D:5:      layout_rooms, nicolae_overflow_crystal_walls, grunt_gozag_statues,
          ebering_ghost_rock_garden, hangedman_feature_mirror,
          kennysheep_generic_room_4
D:6:      layout_basic, makhleb_grotto_becter, minmay_temple_entry_tees,
          gammafunk_ghost_arena, minmay_manual_monstrance
D:7:      minmay_skewed_foursquare, layout_cave_pools,
          mainiacjoe_overflow_cross_hatched, minivault_14
Temple:   eino_temple_water

Skill      XL: |  1  2  3  4  5  6  7  8  9 |
---------------+----------------------------+-----
Fighting       | 4 5 6 7 8 |  8.4
Axes           | 3 4 5 7 |  7.9
Dodging        | 1 2 3 4 |  4.5
Invocations    | 1 2 4 5 |  5.9
Shields        | 4 |  4.7
Armour         | 4 5 6 |  6.2

Action                   |  1- 3 |  4- 6 |  7- 9 || total
-------------------------+-------+-------+-------++-------
Melee: War axe           |   100 |    49 |       ||   149
       Headbutt          |    12 |    13 |    50 ||    75
       Hand axe          |       |    55 |   168 ||   223
Invok: Heroism           |       |       |     1 ||     1
  Use: Potion            |       |     1 |     1 ||     2
       Scroll            |       |       |     6 ||     6
Armor: Scale mail        |    45 |    37 |     8 ||    90
       Acid dragon scale |       |       |    53 ||    53
Dodge: Dodged            |    47 |    42 |    72 ||   161
Block: Buckler           |    21 |    22 |    46 ||    89

Table legend: (Time is in decaauts)
 A = Elapsed time spent in this place.
 B = Non-inter-level travel time spent in this place.
 C = Inter-level travel time spent in this place.
 D = Time resting spent in this place.
 E = Time spent auto-exploring this place.
 F = Levels seen in this place.
 G = Mean time per level.
                   A        B        C        D        E       F      G
               +--------+--------+--------+--------+--------+-----+--------+
         Total |   7000 |   6806 |    194 |    211 |   5542 |   8 |  875.0 |
       Dungeon |   6768 |   6595 |    173 |    211 |   5343 |   7 |  966.9 |
        Temple |    231 |    210 |     21 |      0 |    199 |   1 |  231.0 |
               +--------+--------+--------+--------+--------+-----+--------+

Top non-repeatable levels by time:
     D:4: 1686 daAuts
     D:6: 1403 daAuts
     D:5: 1053 daAuts
     D:2: 901 daAuts
     D:3: 833 daAuts
     D:1: 658 daAuts
  Temple: 231 daAuts
     D:7: 231 daAuts
